 Dungeon Crawl Stone Soup version 0.18.1-6-gd335043 (webtiles) character file.

3943 shmeve the Blocker (level 10, -3/80 HPs)
             Began as a Formicid Fighter on May 15, 2016.
             Was an Elder of Okawaru.
             Killed from afar by Psyche (14 damage)
             ... with a wand of acid
             ... on level 9 of the Dungeon.
             The game lasted 00:15:06 (7764 turns).

shmeve the Blocker (Formicid Fighter)               Turns: 7764, Time: 00:15:07

Health: -3/80      AC: 16    Str: 23    XL:     10   Next: 44%
Magic:  11/13      EV: 12    Int:  9    God:    Okawaru [****..]
Gold:   369        SH: 13    Dex: 10    Spells: 0 memorised, 9 levels left

rFire  . . .     SeeInvis +     a - +1 war axe
rCold  . . .     Gourm    .     k - +0 chain mail
rNeg   . . .     Faith    .     c - +0 shield
rPois  +         Spirit   .     (helmet unavailable)
rElec  .         Dismiss  .     C - +0 cloak
rCorr  .         Reflect  .     (no gloves)
SustAt .         Harm     .     p - +2 pair of boots
MR     +....                    (no amulet)
Stlth  ..........               x - ring of poison resistance
                                (no ring)

@: heroism, somewhat resistant to hostile enchantments, extremely unstealthy
A: permanent stasis, dig shafts and tunnels, four strong arms, antennae 3
a: Dig, Shaft Self, Heroism, Renounce Religion


You were on level 9 of the Dungeon.
You worshipped Okawaru.
Okawaru was greatly pleased with you.
You were hungry.

You visited 2 branches of the dungeon, and saw 10 of its levels.

You collected 369 gold pieces.

Inventory:

Hand Weapons
 a - a +1 war axe (weapon)
Armour
 c - a +0 shield (worn)
 k - a +0 chain mail (worn)
 p - a +2 pair of boots (worn)
 C - a +0 cloak (worn)
Jewellery
 x - a ring of poison resistance (right hand)
Wands
 v - a wand of lightning (3/15)
 z - a wand of enslavement (19/24)
 A - a wand of slowing (16/48)
Scrolls
 d - 9 scrolls of remove curse
 g - a scroll of enchant weapon
 l - a scroll of random uselessness {unknown}
 r - 2 scrolls of magic mapping
 w - 2 scrolls of recharging
 y - 2 scrolls of summoning {unknown}
 B - a scroll of identify
 D - a scroll of amnesia {unknown}
 E - a scroll of silence {unknown}
Potions
 b - 3 potions of lignification
 e - a potion of ambrosia
 j - a potion of cancellation
 n - a potion of flight
 o - 2 potions of agility
 s - a potion of curing {unknown}
 t - a potion of cure mutation {unknown}
 u - a potion of haste {unknown}
Comestibles
 f - 7 bread rations
 h - 3 slices of pizza
 i - 2 fruits
 m - 2 meat rations
 q - a beef jerky


   Skills:
 * Level 8.2(13.2) Fighting
 * Level 7.4(12.4) Axes
 + Level 5.9(10.9) Armour
 + Level 4.2(9.2) Dodging
 * Level 9.0(14.0) Shields
 + Level 5.1 Invocations


You had 9 spell levels left.
You didn't know any spells.

Dungeon Overview and Level Annotations

Branches:
Dungeon (9/15)             Temple (1/1) D:4
   Lair: D:8-11         Orc: D:9-12

Altars:
Ashenzari
Cheibriados
Dithmenos
Elyvilon
Fedhas
Gozag
Kikubaaqudgha
Makhleb
Nemelex Xobeh
Okawaru
Pakellas
Qazlal
Ru
Sif Muna
Trog
Vehumet
Xom
Yredelemnul
Zin
The Shining One

Annotations:
D:9 Psyche


Innate Abilities, Weirdness & Mutations

You are under a permanent stasis effect.
You can dig through walls and to a lower floor.
Your four strong arms can wield two-handed weapons with a shield.
You have a pair of large antennae on your head (SInv).


Message History

Psyche hits you but does no damage.
Unknown command.
You closely miss Psyche. You block Psyche's attack.
Psyche hits you with a dagger of chaos.
You slash Psyche!
Psyche is lightly wounded.
You block Psyche's attack. Psyche hits you but does no damage.
The deep elf mage casts a spell.
The deep elf mage blinks!
You slash Psyche!
Psyche is moderately wounded.
You block Psyche's attack.
Psyche zaps a wand.
The bolt of acid hits you!
* * * LOW HITPOINT WARNING * * *
The acid burns!
* * * LOW HITPOINT WARNING * * *
Psyche gestures at you while chanting. The magic dart hits you!
You gain the combat prowess of a mighty hero.
You feel slightly more hungry.
Psyche zaps a wand.
The bolt of acid hits you!
You die...

######(##.#
#.#####..#
.......##.#
#........#
.........#.#
#######.##
#######.###.######
#.# .......##
##.†...# #.#
#######.###.####.#
#.# #......#.##
#.# #.# #.#####.##
#.# #.# ........#
#@# .#######
#.####### #@#
........ #§#
######## #e# # #.#
# #.# # #.# # #.#
# #


You could see a deep elf mage and Psyche.

Vanquished Creatures
  The ghost of ProzacElf the Chiller, an amateur DgIE (D:4)
  Grinder (D:6)
  Sigmund (D:6)
  A spriggan (D:7)
  A hippogriff (D:9)
  Menkaure (D:4)
  Duvessa (D:4)
  2 orc warriors
  A sky beast (D:7)
  A black bear (D:8)
  2 phantoms
  3 ogres
  2 centaurs (D:6)
  3 giant frogs
  A big kobold (D:8)
  2 wyvern skeletons
  Dowan (D:4)
  4 scorpions
  6 killer bees (D:7)
  4 howler monkeys
  2 crimson imps (D:8)
  2 jellies
  A centaur skeleton (D:8)
  3 hounds
  Crazy Yiuf (D:7)
  A giant frog skeleton (D:5)
  3 iguanas
  4 worker ants
  4 orc wizards
  A hound skeleton (D:4)
  3 gnolls (D:6)
  8 adders
  3 shadow imps
  3 oozes
  An adder zombie (D:7)
  3 worms
  3 dart slugs
  10 giant geckos
  19 orcs
  7 giant cockroaches
  10 goblins
  3 hobgoblins (D:2)
  8 jackals
  15 kobolds
  4 quokkas
  3 bats
  A giant gecko skeleton (D:7)
  5 giant newts
  A quokka skeleton (D:5)
  A quokka zombie (D:9)
  11 rats
183 creatures vanquished.

Notes
Turn   | Place    | Note
--------------------------------------------------------------
     0 | D:1      | shmeve the Formicid Fighter began the quest for the Orb.
     0 | D:1      | Reached XP level 1. HP: 18/18 MP: 1/1
    95 | D:1      | Reached XP level 2. HP: 14/24 MP: 2/2
   275 | D:1      | Reached XP level 3. HP: 14/30 MP: 3/3
   560 | D:1      | Reached skill level 1 in Dodging
   560 | D:1      | Reached skill level 4 in Shields
   881 | D:2      | Reached XP level 4. HP: 37/37 MP: 4/4
  1303 | D:2      | Found a faded altar to an unknown god.
  2171 | D:3      | Reached XP level 5. HP: 42/42 MP: 5/5
  2220 | D:4      | Found a staircase to the Ecumenical Temple.
  2252 | Temple   | Entered the Ecumenical Temple
  2325 | Temple   | Became a worshipper of Warmaster Okawaru
  2475 | D:4      | Noticed ProzacElf's ghost (amateur DgIE)
  2496 | D:4      | Killed ProzacElf's ghost
  2496 | D:4      | Reached skill level 5 in Shields
  2496 | D:4      | Reached skill level 1 in Invocations
  2496 | D:4      | Reached XP level 6. HP: 35/50 MP: 5/7
  2705 | D:4      | Reached XP level 7. HP: 55/55 MP: 8/8
  2715 | D:4      | Reached skill level 5 in Fighting
  2718 | D:4      | Noticed Menkaure
  2723 | D:4      | Reached * piety under Okawaru
  2725 | D:4      | Killed Menkaure
  3032 | D:4      | Noticed Dowan
  3034 | D:4      | Noticed Duvessa
  3041 | D:4      | Killed Dowan
  3041 | D:4      | Reached XP level 8. HP: 50/63 MP: 9/9
  3048 | D:4      | Killed Duvessa
  3048 | D:4      | Reached skill level 6 in Shields
  3495 | D:5      | Entered Level 5 of the Dungeon
  3529 | D:5      | Reached ** piety under Okawaru
  3936 | D:5      | Found a sacrificial altar of Ru.
  4036 | D:5      | Reached skill level 5 in Axes
  4742 | D:6      | Reached XP level 9. HP: 71/71 MP: 11/11
  4749 | D:6      | Noticed Grinder
  4762 | D:6      | Killed Grinder
  4762 | D:6      | Reached skill level 5 in Armour
  4762 | D:6      | Reached skill level 7 in Shields
  5002 | D:6      | Found a sparkling altar of Nemelex Xobeh.
  5129 | D:6      | Noticed Sigmund
  5138 | D:6      | Killed Sigmund
  5233 | D:6      | Reached *** piety under Okawaru
  5707 | D:7      | Reached skill level 8 in Shields
  6211 | D:7      | Reached XP level 10. HP: 49/80 MP: 11/13
  6768 | D:7      | Noticed Crazy Yiuf
  6771 | D:7      | Killed Crazy Yiuf
  7047 | D:8      | Reached **** piety under Okawaru
  7560 | D:8      | Reached skill level 5 in Invocations
  7581 | D:9      | Reached skill level 9 in Shields
  7753 | D:9      | Noticed Psyche
  7754 | D:9      | Noticed a deep elf mage
  7764 | D:9      | Killed from afar by Psyche

Skill      XL: |  1  2  3  4  5  6  7  8  9 10 |
---------------+-------------------------------+-----
Dodging        | 1 2 3 4 |  4.2
Shields        | 4 5 6 8 9 |  9.0
Fighting       | 4 5 6 7 8 |  8.2
Axes           | 3 4 5 6 7 |  7.4
Armour         | 4 5 |  5.9
Invocations    | 1 2 4 5 |  5.1

Action                   |  1- 3 |  4- 6 |  7- 9 | 10-12 || total
-------------------------+-------+-------+-------+-------++-------
Melee: War axe           |    72 |   129 |   280 |   182 ||   663
Invok: Heroism           |       |       |     5 |     2 ||     7
Evoke: Wand              |       |       |     3 |     1 ||     4
  Use: Scroll            |       |    11 |     1 |     1 ||    13
       Potion            |       |     1 |       |       ||     1
  Eat: Chunk             |       |     6 |    12 |     5 ||    23
Armor: Scale mail        |    57 |    25 |       |       ||    82
       Chain mail        |       |    37 |   117 |    88 ||   242
Dodge: Dodged            |    28 |    36 |   109 |    73 ||   246
Block: Shield            |    49 |    79 |   203 |   140 ||   471
